Barracuda vs Crunch
Created - May 5, 2022 at 19:28
Goals
|
Barracuda |
1 |
2 |
1 |
4 |
Crunch |
1 |
0 |
2 |
3 |
|
Shots
|
Barracuda |
9 |
11 |
20 |
40 |
Crunch |
8 |
11 |
11 |
30 |
|
1st period
1. Crunch , Dylan Strome 15 (Michael Ferland 13) at 12:46
2. Barracuda , Chris Wagner 16 (Emil Pettersson 24, Arturs Kulda 20) at 13:19
Penalties :
Sean Walker (Syr) for Holding (Minor) at 1:57, David Shields (S.J) for Roughing (Minor) at 5:44, Mitch Callahan (Syr) for Holding Stick (Minor) at 17:03
2nd period
3. Barracuda , Sam Carrick 30 (Alex Iafallo 40, Dmitrij Jaskin 34) at 2:52
4. Barracuda , Noah Gregor 5 (Alex Henriksson 9, Samuel Groulx 30) at 16:54
Penalties :
No Penalty
3rd period
5. Crunch , Jordan Oesterle 8 (Teemu Hartikainen 36, Jayson Megna 18) at 11:02 (PP)
6. Barracuda , William Carrier 25 (Emil Pettersson 25) at 12:44
7. Crunch , Teemu Hartikainen 37 (Brock Boeser 51, Noah Hanifin 37) at 12:52
Penalties :
Arturs Kulda (S.J) for High sticking (Minor) at 0:03, Sean Walker (Syr) for Roughing (Minor) at 7:07, Markus Nutivaara (S.J) for Hooking (Minor) at 10:59
Goalie Stats
Joacim Eriksson (S.J), 27 saves from 30 shots - (0.900), W, 22-15-3, 60:00 minutes
Kaapo Kahkonen (Syr), 36 saves from 40 shots - (0.900), L, 12-19-5, 59:20 minutes
Players Stats for Barracuda
Player Name G A P +/- PIM S H SB GA TA FO MP PP MP PK MP
------------------------------------------------------------------------------------
Alex Henriksson 0 1 1 1 0 4 0 0 0 0 0/0 10:59 0:20 1:21
Alex Iafallo 0 1 1 0 0 3 6 0 2 2 0/0 22:52 3:42 1:57
Arturs Kulda 0 1 1 0 2 3 4 2 1 0 0/0 26:02 4:24 0:58
Chris Wagner 1 0 1 1 0 2 1 3 2 0 0/0 14:35 1:55 0:00
Cole Ully 0 0 0 0 0 2 0 0 0 0 0/0 10:51 0:00 0:00
David Shields 0 0 0 0 2 0 2 0 0 0 0/0 12:37 0:00 0:35
Dmitrij Jaskin 0 1 1 0 0 3 6 0 2 1 0/1 20:55 3:42 0:00
Emil Pettersson 0 2 2 1 0 1 1 1 0 0 3/5 16:12 1:55 1:37
Eric Gustafsson 0 0 0 2 0 3 1 0 0 1 0/0 19:43 1:33 1:50
Mario Lucia 0 0 0 0 0 1 3 0 0 0 0/1 11:13 0:20 0:00
Markus Nutivaara 0 0 0 0 2 6 0 0 2 1 0/0 26:29 4:24 2:05
Noah Gregor 1 0 1 1 0 1 0 0 0 0 0/4 9:13 0:00 0:00
Robin Norell 0 0 0 0 0 1 0 0 0 1 0/0 13:38 0:00 0:03
Sam Carrick 1 0 1 0 0 4 4 0 0 0 14/30 23:01 3:42 2:03
Samuel Groulx 0 1 1 2 0 1 0 0 0 1 0/0 21:31 1:33 2:31
Theodor Blueger 0 0 0 0 0 2 1 0 0 0 1/8 11:34 0:20 0:21
Thomas Gobeil 0 0 0 1 0 0 1 0 0 0 0/0 9:13 0:00 0:00
William Carrier 1 0 1 1 0 3 2 0 0 0 0/1 15:18 1:55 0:43
Players Stats for Crunch
Player Name G A P +/- PIM S H SB GA TA FO MP PP MP PK MP
------------------------------------------------------------------------------------
Anatoli Golyshev 0 0 0 0 0 1 0 1 0 0 0/0 6:59 0:00 0:02
Anthony Cirelli 0 0 0 0 0 0 1 0 0 2 1/1 17:04 1:50 0:00
Brendan Guhle 0 0 0 -3 0 2 0 2 0 1 0/0 22:51 1:59 2:28
Brock Boeser 0 1 1 0 0 3 1 1 0 0 1/1 17:00 2:11 0:00
Connor Bunnaman 0 0 0 -2 0 1 1 0 0 1 4/4 13:54 0:00 0:00
Dalton Smith 0 0 0 -2 0 1 1 0 0 0 0/0 14:59 0:06 1:29
Dylan Strome 1 0 1 0 0 3 1 0 1 0 9/14 19:39 1:50 2:14
Jacob Larsson 0 0 0 0 0 0 1 0 0 0 0/0 3:35 0:00 0:00
Jared Staal 0 0 0 -2 0 0 1 1 1 0 0/0 13:30 0:06 0:00
Jayson Megna 0 1 1 0 0 2 1 0 0 0 17/30 24:02 2:05 3:02
Jeremy Lauzon 0 0 0 0 0 1 1 1 2 0 0/0 11:37 0:00 0:00
Jordan Oesterle 1 0 1 1 0 2 1 1 1 2 0/0 21:57 2:02 3:29
Matt Roy 0 0 0 -3 0 0 0 3 0 1 0/0 22:51 1:59 2:28
Michael Ferland 0 1 1 0 0 6 0 1 0 0 0/0 19:12 1:50 2:03
Mitch Callahan 0 0 0 0 2 0 1 0 0 0 0/0 7:25 0:00 0:00
Noah Hanifin 0 1 1 1 0 2 1 1 1 2 0/0 24:57 2:02 3:29
Sean Walker 0 0 0 0 4 0 1 0 0 0 0/0 12:29 0:00 0:00
Teemu Hartikainen 1 1 2 0 0 6 2 0 1 0 0/0 19:59 2:05 3:04
3 Stars
1 - Teemu Hartikainen (Syr)
2 - Chris Wagner (S.J)
3 - William Carrier (S.J)
Power Play
Barracuda - 0 on 3 Attempt(s) - 0.00%
Crunch - 1 on 3 Attempt(s) - 33.33%
Penalty Kill
Barracuda - 2 on 3 Attempt(s) - 66.67%
- Score 0 goal in Penalty Kill
Crunch - 3 on 3 Attempt(s) - 100.00%
- Score 0 goal in Penalty Kill
Team Stat
Barracuda - Hits : 32 - Faceoff Wins : 18 - Blocked Shots : 6 - Penalty Minutes : 6
Crunch - Hits : 15 - Faceoff Wins : 32 - Blocked Shots : 12 - Penalty Minutes : 6
Official
Referees : Tim Peel and Justin St. Pierre
Linesman : Scott Cherrey and Bevan Mills
Game Notes
Anatoli Golyshev is injured at 9:23 of 3rd period (Left Forearm)
Finance
Level 1 -- Attendance: 1734 (86.70%) -- Ticket Income $60,690
Level 2 -- Attendance: 989 (98.90%) -- Ticket Income $14,835
Total Attendance: 2723 (90.77%)
Total Ticket Income: $75,525
Other Income: $3,776
Total Income: $79,301
Barracuda
5 vs 5 Forward
Center Left Wing Right Wing Time % Phy DF OF
1 Sam Carrick Alex Iafallo Dmitrij Jaskin 40 1 2 2
2 Emil Pettersson William Carrier Chris Wagner 30 1 2 2
3 Theodor Blueger Cole Ully Mario Lucia 20 1 2 2
4 Noah Gregor Alex Henriksson Thomas Gobeil 10 1 2 2
5 vs 5 Defense
Defense Defense Time % Phy DF OF
1 Arturs Kulda Markus Nutivaara 40 1 2 2
2 Eric Gustafsson Samuel Groulx 30 1 2 2
3 David Shields Robin Norell 20 1 2 2
4 Arturs Kulda Markus Nutivaara 10 1 2 2
PowerPlay Forward
Center Left Wing Right Wing Time % Phy DF OF
1 Sam Carrick Alex Iafallo Dmitrij Jaskin 60 1 2 2
2 Emil Pettersson William Carrier Chris Wagner 40 1 2 2
PowerPlay Defense
Defense Defense Time % Phy DF OF
1 Arturs Kulda Markus Nutivaara 60 1 2 2
2 Eric Gustafsson Samuel Groulx 40 1 2 2
Penalty Kill 4 Players Forward
Center Wing Time % Phy DF OF
1 Sam Carrick Alex Iafallo 60 1 2 2
2 Emil Pettersson William Carrier 40 1 2 2
Penalty Kill 4 Players Defense
Defense Defense Time % Phy DF OF
1 Arturs Kulda Markus Nutivaara 60 1 2 2
2 Eric Gustafsson Samuel Groulx 40 1 2 2
Penalty Kill - 3 Players Forward
Forward Time % Phy DF OF
1 Sam Carrick 60 1 2 2
2 Emil Pettersson 40 1 2 2
Penalty Kill - 3 Players Defense
Defense Defense Time % Phy DF OF
1 Arturs Kulda Markus Nutivaara 60 1 2 2
2 Eric Gustafsson Samuel Groulx 40 1 2 2
4 vs 4 Forward
Center Wing Time % Phy DF OF
1 Sam Carrick Alex Iafallo 60 1 2 2
2 Emil Pettersson William Carrier 40 1 2 2
4 vs 4 Defense
Defense Defense Time % Phy DF OF
1 Arturs Kulda Markus Nutivaara 60 1 2 2
2 Eric Gustafsson Samuel Groulx 40 1 2 2
Last Minutes Offensive
Center Left Wing Right Wing Defense Defense
Sam Carrick Alex Iafallo Dmitrij Jaskin Arturs Kulda Markus Nutivaara
Last Minutes Defensive
Center Left Wing Right Wing Defense Defense
Sam Carrick Alex Iafallo Dmitrij Jaskin Arturs Kulda Markus Nutivaara
Goaltenders
Starting : Joacim Eriksson
Backup : Oscar Dansk
Extra Forwards
Normal : Emil Pettersson, Chris Wagner, Theodor Blueger - PP : Emil Pettersson, Chris Wagner - PK : Emil Pettersson
Extra Defensemen
Normal : Samuel Groulx, David Shields, Robin Norell - PP : Samuel Groulx - PK : Samuel Groulx, David Shields
Penalty Shots
Alex Iafallo, Dmitrij Jaskin, Sam Carrick, William Carrier, Emil Pettersson
Scratches
Alex Lintuniemi (Healthy), Brandon Kozun (Healthy), Jaedon Descheneau (Healthy), Jerome Gauthier-Leduc (Healthy), Justin Shugg (Healthy)
Tanner Jeannot (Healthy), Drew O'Connor (Healthy), Dennis Cholowski (Healthy), Kevin Lankinen (Healthy)
Crunch
5 vs 5 Forward
Center Left Wing Right Wing Time % Phy DF OF
1 Jayson Megna Teemu Hartikainen Brock Boeser 40 1 2 2
2 Dylan Strome Michael Ferland Anthony Cirelli 30 1 2 2
3 Connor Bunnaman Dalton Smith Jared Staal 20 1 2 2
4 Jayson Megna Anatoli Golyshev Mitch Callahan 10 1 2 2
5 vs 5 Defense
Defense Defense Time % Phy DF OF
1 Noah Hanifin Jordan Oesterle 40 1 2 2
2 Brendan Guhle Matt Roy 30 1 2 2
3 Jeremy Lauzon Sean Walker 20 1 2 2
4 Jacob Larsson Noah Hanifin 10 1 2 2
PowerPlay Forward
Center Left Wing Right Wing Time % Phy DF OF
1 Jayson Megna Teemu Hartikainen Brock Boeser 60 1 2 2
2 Dylan Strome Michael Ferland Anthony Cirelli 40 1 2 2
PowerPlay Defense
Defense Defense Time % Phy DF OF
1 Noah Hanifin Jordan Oesterle 60 1 2 2
2 Brendan Guhle Matt Roy 40 1 2 2
Penalty Kill 4 Players Forward
Center Wing Time % Phy DF OF
1 Jayson Megna Teemu Hartikainen 60 1 2 2
2 Dylan Strome Michael Ferland 40 1 2 2
Penalty Kill 4 Players Defense
Defense Defense Time % Phy DF OF
1 Noah Hanifin Jordan Oesterle 60 1 2 2
2 Brendan Guhle Matt Roy 40 1 2 2
Penalty Kill - 3 Players Forward
Forward Time % Phy DF OF
1 Jayson Megna 60 1 2 2
2 Dylan Strome 40 1 2 2
Penalty Kill - 3 Players Defense
Defense Defense Time % Phy DF OF
1 Noah Hanifin Jordan Oesterle 60 1 2 2
2 Brendan Guhle Matt Roy 40 1 2 2
4 vs 4 Forward
Center Wing Time % Phy DF OF
1 Jayson Megna Teemu Hartikainen 60 1 2 2
2 Dylan Strome Michael Ferland 40 1 2 2
4 vs 4 Defense
Defense Defense Time % Phy DF OF
1 Noah Hanifin Jordan Oesterle 60 1 2 2
2 Brendan Guhle Matt Roy 40 1 2 2
Last Minutes Offensive
Center Left Wing Right Wing Defense Defense
Jayson Megna Teemu Hartikainen Brock Boeser Noah Hanifin Jordan Oesterle
Last Minutes Defensive
Center Left Wing Right Wing Defense Defense
Jayson Megna Teemu Hartikainen Brock Boeser Noah Hanifin Jordan Oesterle
Goaltenders
Starting : Kaapo Kahkonen
Backup : Josef Korenar
Extra Forwards
Normal : Michael Ferland, Jared Staal, Mitch Callahan - PP : Michael Ferland, Jared Staal - PK : Michael Ferland
Extra Defensemen
Normal : Jeremy Lauzon, Sean Walker, Jacob Larsson - PP : Jeremy Lauzon - PK : Jeremy Lauzon, Sean Walker
Penalty Shots
Teemu Hartikainen, Brock Boeser, Jayson Megna, Anthony Cirelli, Michael Ferland
Scratches
Charles-Olivier Roussel (Healthy), Christoffer Ehn (Bruised Right Leg Injury), Kyle Capobianco (Healthy), Max McCormick (Healthy), Michael Downing (Healthy)
Roman Josi (Healthy)
% Time on Ice - Barracuda
Lines # - Real PCT - Wanted PCT - Time Play
Normal Forward
1 - 33% - 40% - 16:05
2 - 26% - 30% - 12:40
3 - 22% - 20% - 10:51
4 - 19% - 10% - 9:13
Normal Defense
1 - 40% - 40% - 19:26
2 - 33% - 30% - 16:20
3 - 24% - 20% - 11:48
4 - 3% - 10% - 1:15
PP Forward
1 - 68% - 60% - 4:02
2 - 32% - 40% - 1:55
PP Defense
1 - 74% - 60% - 4:24
2 - 26% - 40% - 1:33
PK Forward
1 - 82% - 60% - 3:18
2 - 18% - 40% - 0:43
PK Defense
1 - 54% - 60% - 2:11
2 - 46% - 40% - 1:50
PK3 Forward
1 - 0% - 60%
2 - 0% - 40%
PK3 Defense
1 - 0% - 60%
2 - 0% - 40%
44 Forward
1 - 0% - 60%
2 - 0% - 40%
44 Defense
1 - 0% - 60%
2 - 0% - 40%
Last Minute Offensive - 0:00
Last Minute Defensive - 1:13
Total
Forward - 60:00
Defense - 60:00
|
% Time on Ice - Crunch
Lines # - Real PCT - Wanted PCT - Time Play
Normal Forward
1 - 29% - 40% - 13:59
2 - 30% - 30% - 14:51
3 - 27% - 20% - 13:22
4 - 14% - 10% - 6:40
Normal Defense
1 - 34% - 40% - 16:26
2 - 38% - 30% - 18:24
3 - 24% - 20% - 11:37
4 - 5% - 10% - 2:25
PP Forward
1 - 54% - 60% - 2:11
2 - 46% - 40% - 1:50
PP Defense
1 - 51% - 60% - 2:02
2 - 49% - 40% - 1:59
PK Forward
1 - 77% - 60% - 4:35
2 - 23% - 40% - 1:22
PK Defense
1 - 59% - 60% - 3:29
2 - 41% - 40% - 2:28
PK3 Forward
1 - 0% - 60%
2 - 0% - 40%
PK3 Defense
1 - 0% - 60%
2 - 0% - 40%
44 Forward
1 - 0% - 60%
2 - 0% - 40%
44 Defense
1 - 0% - 60%
2 - 0% - 40%
Last Minute Offensive - 1:10
Last Minute Defensive - 0:00
Total
Forward - 60:00
Defense - 60:00
|
Play-by-Play
1st period
0:01 of 1st period - Sam Carrick wins face-off versus Jayson Megna in neutral zone.
0:12 of 1st period - Wrist shot by Sam Carrick.
0:12 of 1st period - Shot Blocked by Jordan Oesterle.
0:16 of 1st period - Wrist shot by Alex Iafallo.
0:16 of 1st period - Stopped by Kaapo Kahkonen with a rebound.
0:37 of 1st period - Snap shot by Michael Ferland.
0:37 of 1st period - Shot Blocked by Chris Wagner.
0:51 of 1st period - Dalton Smith is hit by Mario Lucia and loses puck.
1:35 of 1st period - Off-side.
1:36 of 1st period - Emil Pettersson wins face-off versus Dylan Strome in neutral zone.
1:57 of 1st period - Minor Penalty to Sean Walker for Holding.
1:58 of 1st period - Sam Carrick wins face-off versus Jayson Megna in Crunch zone.
2:01 of 1st period - Wrist shot by Dmitrij Jaskin.
2:01 of 1st period - Stopped by Kaapo Kahkonen with a rebound.
3:06 of 1st period - Slapshot by Noah Hanifin.
3:06 of 1st period - Stopped by Joacim Eriksson with a rebound.
3:16 of 1st period - Wrist shot by Alex Iafallo.
3:16 of 1st period - Shot Misses the Net.
3:57 of 1st period - Penalty to Sean Walker is over, Sean Walker is back on ice.
4:06 of 1st period - Robin Norell is hit by Connor Bunnaman and loses puck.
4:39 of 1st period - Snap shot by Alex Henriksson.
4:39 of 1st period - Stopped by Kaapo Kahkonen without a rebound.
4:40 of 1st period - Connor Bunnaman wins face-off versus Noah Gregor in Crunch zone.
4:53 of 1st period - Noah Gregor is hit by Mitch Callahan and loses puck.
5:32 of 1st period - David Shields is hit by Jacob Larsson.
5:38 of 1st period - Snap shot by Dalton Smith.
5:38 of 1st period - Shot Misses the Net.
5:44 of 1st period - Minor Penalty to David Shields for Roughing.
5:45 of 1st period - Jayson Megna wins face-off versus Sam Carrick in Barracuda zone.
5:48 of 1st period - Snap shot by Teemu Hartikainen.
5:48 of 1st period - Deflect By Alex Iafallo.
5:48 of 1st period - Shot Misses the Net.
5:48 of 1st period - Puck is out of play.
5:49 of 1st period - Sam Carrick wins face-off versus Jayson Megna in Barracuda zone.
6:34 of 1st period - Alex Iafallo is hit by Jordan Oesterle and loses puck.
7:44 of 1st period - Penalty to David Shields is over, David Shields is back on ice.
7:56 of 1st period - Off-side.
7:57 of 1st period - Connor Bunnaman wins face-off versus Theodor Blueger in neutral zone.
8:15 of 1st period - Slapshot by Jeremy Lauzon.
8:15 of 1st period - Stopped by Joacim Eriksson without a rebound.
8:16 of 1st period - Jayson Megna wins face-off versus Sam Carrick in Barracuda zone.
8:41 of 1st period - Dylan Strome is hit by Chris Wagner.
9:13 of 1st period - Slapshot by Markus Nutivaara.
9:13 of 1st period - Deflect By Mario Lucia.
9:13 of 1st period - Stopped by Kaapo Kahkonen without a rebound.
9:14 of 1st period - Sam Carrick wins face-off versus Jayson Megna in Crunch zone.
10:28 of 1st period - Off-side.
10:29 of 1st period - Jayson Megna wins face-off versus Noah Gregor in neutral zone.
11:31 of 1st period - Snap shot by Anatoli Golyshev.
11:31 of 1st period - Stopped by Joacim Eriksson with a rebound.
12:30 of 1st period - Off-side.
12:31 of 1st period - Dylan Strome wins face-off versus Sam Carrick in neutral zone.
12:42 of 1st period - Off-side.
12:43 of 1st period - Dylan Strome wins face-off versus Sam Carrick in neutral zone.
12:46 of 1st period - Wrist shot by Dylan Strome.
12:46 of 1st period - Goal by Dylan Strome - Barracuda : 0 - Crunch : 1.
12:47 of 1st period - Sam Carrick wins face-off versus Dylan Strome in neutral zone.
13:19 of 1st period - Snap shot by Emil Pettersson.
13:19 of 1st period - Deflect By Chris Wagner.
13:19 of 1st period - Goal by Chris Wagner - Barracuda : 1 - Crunch : 1.
13:20 of 1st period - Anthony Cirelli wins face-off versus Sam Carrick in neutral zone.
13:23 of 1st period - Wrist shot by Michael Ferland.
13:23 of 1st period - Stopped by Joacim Eriksson with a rebound.
13:29 of 1st period - Wrist shot by Michael Ferland.
13:29 of 1st period - Stopped by Joacim Eriksson with a rebound.
13:31 of 1st period - Snap shot by Dylan Strome.
13:31 of 1st period - Stopped by Joacim Eriksson with a rebound.
13:33 of 1st period - Snap shot by Noah Hanifin.
13:33 of 1st period - Shot Blocked by Arturs Kulda.
13:35 of 1st period - Slapshot by Michael Ferland.
13:35 of 1st period - Shot Misses the Net.
13:45 of 1st period - Teemu Hartikainen is hit by Arturs Kulda and loses puck.
14:48 of 1st period - Wrist shot by Brock Boeser.
14:48 of 1st period - Stopped by Joacim Eriksson with a rebound.
15:04 of 1st period - William Carrier is hit by Noah Hanifin and loses puck.
15:33 of 1st period - Eric Gustafsson is hit by Jeremy Lauzon and loses puck.
16:02 of 1st period - Wrist shot by Alex Iafallo.
16:02 of 1st period - Stopped by Kaapo Kahkonen with a rebound.
16:04 of 1st period - Slapshot by Sam Carrick.
16:04 of 1st period - Stopped by Kaapo Kahkonen with a rebound.
16:22 of 1st period - Alex Henriksson is hit by Teemu Hartikainen and loses puck.
16:33 of 1st period - Markus Nutivaara is hit by Jared Staal and loses puck.
17:03 of 1st period - Minor Penalty to Mitch Callahan for Holding Stick.
17:04 of 1st period - Sam Carrick wins face-off versus Jayson Megna in Crunch zone.
17:13 of 1st period - Slapshot by Markus Nutivaara.
17:13 of 1st period - Stopped by Kaapo Kahkonen with a rebound.
17:15 of 1st period - Snap shot by Markus Nutivaara.
17:15 of 1st period - Stopped by Kaapo Kahkonen with a rebound.
17:25 of 1st period - Jayson Megna is hit by Alex Iafallo and loses puck.
17:38 of 1st period - Teemu Hartikainen is hit by Sam Carrick and loses puck.
19:00 of 1st period - Icing by Alex Henriksson.
19:01 of 1st period - Jayson Megna wins face-off versus Theodor Blueger in Barracuda zone.
19:03 of 1st period - Penalty to Mitch Callahan is over, Mitch Callahan is back on ice.
19:15 of 1st period - Anthony Cirelli is hit by Eric Gustafsson.
19:35 of 1st period - Eric Gustafsson is hit by Dalton Smith and loses puck.
Goals for this period are 1 for Barracuda vs 1 for Crunch.
Shots for this period are 9 for Barracuda vs 8 for Crunch.
2nd period
0:01 of 2nd period - Sam Carrick wins face-off versus Jayson Megna in neutral zone.
0:14 of 2nd period - Wrist shot by Jayson Megna.
0:14 of 2nd period - Stopped by Joacim Eriksson with a rebound.
0:16 of 2nd period - Snap shot by Teemu Hartikainen.
0:16 of 2nd period - Shot Misses the Net.
0:23 of 2nd period - Icing by Alex Iafallo.
0:24 of 2nd period - Sam Carrick wins face-off versus Dylan Strome in Barracuda zone.
0:57 of 2nd period - Slapshot by Teemu Hartikainen.
0:57 of 2nd period - Stopped by Joacim Eriksson with a rebound.
0:59 of 2nd period - Slapshot by Jayson Megna.
0:59 of 2nd period - Shot Misses the Net.
1:01 of 2nd period - Backhand shot by Brendan Guhle.
1:01 of 2nd period - Stopped by Joacim Eriksson with a rebound.
2:10 of 2nd period - Jared Staal is hit by Dmitrij Jaskin and loses puck.
2:31 of 2nd period - Matt Roy is hit by Dmitrij Jaskin and loses puck.
2:48 of 2nd period - Snap shot by Sam Carrick.
2:48 of 2nd period - Shot Blocked by Brendan Guhle.
2:50 of 2nd period - Snap shot by Alex Iafallo.
2:50 of 2nd period - Shot Blocked by Matt Roy.
2:52 of 2nd period - Snap shot by Sam Carrick.
2:52 of 2nd period - Goal by Sam Carrick - Barracuda : 2 - Crunch : 1.
2:53 of 2nd period - Emil Pettersson wins face-off versus Jayson Megna in neutral zone.
3:38 of 2nd period - Off-side.
3:39 of 2nd period - Dylan Strome wins face-off versus Noah Gregor in neutral zone.
4:33 of 2nd period - Slapshot by Markus Nutivaara.
4:33 of 2nd period - Stopped by Kaapo Kahkonen with a rebound.
4:35 of 2nd period - Wrist shot by Theodor Blueger.
4:35 of 2nd period - Stopped by Kaapo Kahkonen with a rebound.
4:37 of 2nd period - Snap shot by Theodor Blueger.
4:37 of 2nd period - Stopped by Kaapo Kahkonen with a rebound.
4:39 of 2nd period - Backhand shot by Cole Ully.
4:39 of 2nd period - Stopped by Kaapo Kahkonen with a rebound.
4:41 of 2nd period - Snap shot by Cole Ully.
4:41 of 2nd period - Shot Misses the Net.
4:58 of 2nd period - Dalton Smith is hit by Arturs Kulda and loses puck.
5:13 of 2nd period - Slapshot by Dylan Strome.
5:13 of 2nd period - Shot Misses the Net.
5:15 of 2nd period - Slapshot by Dylan Strome.
5:15 of 2nd period - Shot Misses the Net.
5:17 of 2nd period - Slapshot by Michael Ferland.
5:17 of 2nd period - Stopped by Joacim Eriksson without a rebound.
5:18 of 2nd period - Dylan Strome wins face-off versus Mario Lucia in Barracuda zone.
5:19 of 2nd period - Slapshot by Michael Ferland.
5:19 of 2nd period - Stopped by Joacim Eriksson without a rebound.
5:20 of 2nd period - Dylan Strome wins face-off versus Theodor Blueger in Barracuda zone.
5:50 of 2nd period - Jordan Oesterle is hit by Alex Iafallo and loses puck.
6:09 of 2nd period - Slapshot by Jordan Oesterle.
6:09 of 2nd period - Shot Misses the Net.
7:01 of 2nd period - David Shields is hit by Sean Walker and loses puck.
7:18 of 2nd period - Wrist shot by Jared Staal.
7:18 of 2nd period - Shot Misses the Net.
7:34 of 2nd period - Michael Ferland is hit by Dmitrij Jaskin and loses puck.
7:51 of 2nd period - Snap shot by Teemu Hartikainen.
7:51 of 2nd period - Stopped by Joacim Eriksson without a rebound.
7:52 of 2nd period - Brock Boeser wins face-off versus Theodor Blueger in Barracuda zone.
8:57 of 2nd period - Wrist shot by Teemu Hartikainen.
8:57 of 2nd period - Stopped by Joacim Eriksson without a rebound.
8:58 of 2nd period - Theodor Blueger wins face-off versus Jayson Megna in Barracuda zone.
8:58 of 2nd period - Arturs Kulda is hit by Jayson Megna and loses puck.
9:44 of 2nd period - Connor Bunnaman is hit by William Carrier and loses puck.
10:07 of 2nd period - Icing by Noah Gregor.
10:08 of 2nd period - Dylan Strome wins face-off versus Noah Gregor in Barracuda zone.
10:11 of 2nd period - Wrist shot by Michael Ferland.
10:11 of 2nd period - Stopped by Joacim Eriksson without a rebound.
10:12 of 2nd period - Sam Carrick wins face-off versus Dylan Strome in Barracuda zone.
11:40 of 2nd period - Slapshot by Jeremy Lauzon.
11:40 of 2nd period - Deflect By Michael Ferland.
11:40 of 2nd period - Stopped by Joacim Eriksson with a rebound.
11:42 of 2nd period - Wrist shot by Dylan Strome.
11:42 of 2nd period - Shot Blocked by Chris Wagner.
11:44 of 2nd period - Slapshot by Michael Ferland.
11:44 of 2nd period - Deflect By Dylan Strome.
11:44 of 2nd period - Shot Blocked by Emil Pettersson.
11:44 of 2nd period - Puck is out of play.
11:45 of 2nd period - Sam Carrick wins face-off versus Jayson Megna in Barracuda zone.
11:54 of 2nd period - Slapshot by Samuel Groulx.
11:54 of 2nd period - Shot Misses the Net.
12:52 of 2nd period - Brock Boeser is hit by Alex Iafallo and loses puck.
13:40 of 2nd period - Noah Hanifin is hit by Alex Iafallo and loses puck.
13:56 of 2nd period - Brock Boeser is hit by Arturs Kulda and loses puck.
14:22 of 2nd period - Dylan Strome is hit by Dmitrij Jaskin and loses puck.
15:27 of 2nd period - Noah Hanifin is hit by Alex Iafallo and loses puck.
15:48 of 2nd period - Noah Hanifin is hit by Thomas Gobeil and loses puck.
15:53 of 2nd period - Slapshot by Eric Gustafsson.
15:53 of 2nd period - Stopped by Kaapo Kahkonen with a rebound.
15:55 of 2nd period - Snap shot by Arturs Kulda.
15:55 of 2nd period - Stopped by Kaapo Kahkonen without a rebound.
15:56 of 2nd period - Dylan Strome wins face-off versus Sam Carrick in Crunch zone.
16:48 of 2nd period - Slapshot by Samuel Groulx.
16:48 of 2nd period - Deflect By Alex Henriksson.
16:48 of 2nd period - Stopped by Kaapo Kahkonen with a rebound.
16:50 of 2nd period - Slapshot by Samuel Groulx.
16:50 of 2nd period - Shot Misses the Net.
16:52 of 2nd period - Snap shot by Alex Henriksson.
16:52 of 2nd period - Stopped by Kaapo Kahkonen with a rebound.
16:54 of 2nd period - Snap shot by Noah Gregor.
16:54 of 2nd period - Goal by Noah Gregor - Barracuda : 3 - Crunch : 1.
16:55 of 2nd period - Jayson Megna wins face-off versus Sam Carrick in neutral zone.
17:04 of 2nd period - Snap shot by Brock Boeser.
17:04 of 2nd period - Deflect By Jayson Megna.
17:04 of 2nd period - Shot Blocked by Arturs Kulda.
17:04 of 2nd period - Puck is out of play.
17:05 of 2nd period - Jayson Megna wins face-off versus Sam Carrick in Barracuda zone.
17:06 of 2nd period - Wrist shot by Teemu Hartikainen.
17:06 of 2nd period - Stopped by Joacim Eriksson without a rebound.
17:07 of 2nd period - Sam Carrick wins face-off versus Jayson Megna in Barracuda zone.
17:23 of 2nd period - Noah Hanifin is hit by Sam Carrick and loses puck.
17:40 of 2nd period - Anthony Cirelli is hit by Arturs Kulda and loses puck.
17:53 of 2nd period - Wrist shot by Dalton Smith.
17:53 of 2nd period - Stopped by Joacim Eriksson with a rebound.
17:55 of 2nd period - Snap shot by Jared Staal.
17:55 of 2nd period - Shot Misses the Net.
17:57 of 2nd period - Slapshot by Matt Roy.
17:57 of 2nd period - Shot Misses the Net.
18:42 of 2nd period - Icing by Sean Walker.
18:43 of 2nd period - Jayson Megna wins face-off versus Emil Pettersson in Crunch zone.
18:43 of 2nd period - Jayson Megna is hit by William Carrier.
19:08 of 2nd period - Connor Bunnaman is hit by Sam Carrick and loses puck.
19:39 of 2nd period - Slapshot by Dylan Strome.
19:39 of 2nd period - Shot Misses the Net.
19:59 of 2nd period - Wrist shot by Alex Henriksson.
19:59 of 2nd period - Stopped by Kaapo Kahkonen without a rebound.
Goals for this period are 2 for Barracuda vs 0 for Crunch.
Shots for this period are 11 for Barracuda vs 11 for Crunch.
3rd period
0:01 of 3rd period - Sam Carrick wins face-off versus Jayson Megna in neutral zone.
0:03 of 3rd period - Minor Penalty to Arturs Kulda for High sticking.
0:04 of 3rd period - Jayson Megna wins face-off versus Sam Carrick in Barracuda zone.
0:37 of 3rd period - Samuel Groulx is hit by Dylan Strome and loses puck.
0:54 of 3rd period - Jayson Megna is hit by David Shields and loses puck.
2:03 of 3rd period - Penalty to Arturs Kulda is over, Arturs Kulda is back on ice.
2:20 of 3rd period - Snap shot by Theodor Blueger.
2:20 of 3rd period - Shot Misses the Net.
3:13 of 3rd period - Mitch Callahan is hit by Sam Carrick and loses puck.
3:58 of 3rd period - Mitch Callahan is hit by Dmitrij Jaskin and loses puck.
4:21 of 3rd period - Slapshot by Samuel Groulx.
4:21 of 3rd period - Deflect By Theodor Blueger.
4:21 of 3rd period - Shot Misses the Net.
4:21 of 3rd period - Puck is out of play.
4:22 of 3rd period - Dylan Strome wins face-off versus Theodor Blueger in Crunch zone.
4:29 of 3rd period - Slapshot by Dylan Strome.
4:29 of 3rd period - Stopped by Joacim Eriksson with a rebound.
5:14 of 3rd period - Michael Ferland is hit by Dmitrij Jaskin and loses puck.
5:35 of 3rd period - Snap shot by Mario Lucia.
5:35 of 3rd period - Shot Misses the Net.
5:41 of 3rd period - Matt Roy is hit by Mario Lucia and loses puck.
6:16 of 3rd period - Snap shot by Alex Henriksson.
6:16 of 3rd period - Shot Blocked by Brock Boeser.
6:30 of 3rd period - Icing by Jordan Oesterle.
6:31 of 3rd period - Sam Carrick wins face-off versus Dylan Strome in Crunch zone.
6:44 of 3rd period - Snap shot by Sam Carrick.
6:44 of 3rd period - Stopped by Kaapo Kahkonen without a rebound.
6:45 of 3rd period - Connor Bunnaman wins face-off versus Sam Carrick in Crunch zone.
6:55 of 3rd period - Slapshot by Samuel Groulx.
6:55 of 3rd period - Shot Misses the Net.
6:57 of 3rd period - Wrist shot by Alex Iafallo.
6:57 of 3rd period - Stopped by Kaapo Kahkonen with a rebound.
6:59 of 3rd period - Snap shot by Dmitrij Jaskin.
6:59 of 3rd period - Stopped by Kaapo Kahkonen with a rebound.
7:01 of 3rd period - Backhand shot by Alex Iafallo.
7:01 of 3rd period - Shot Blocked by Jeremy Lauzon.
7:07 of 3rd period - Minor Penalty to Sean Walker for Roughing.
7:08 of 3rd period - Jayson Megna wins face-off versus Sam Carrick in Crunch zone.
7:13 of 3rd period - Snap shot by Jayson Megna.
7:13 of 3rd period - Stopped by Joacim Eriksson without a rebound.
7:14 of 3rd period - Jayson Megna wins face-off versus Sam Carrick in Barracuda zone.
8:15 of 3rd period - Snap shot by Brendan Guhle.
8:15 of 3rd period - Stopped by Joacim Eriksson with a rebound.
9:07 of 3rd period - Penalty to Sean Walker is over, Sean Walker is back on ice.
9:21 of 3rd period - Wrist shot by Mario Lucia.
9:21 of 3rd period - Shot Misses the Net.
9:23 of 3rd period - Slapshot by Robin Norell.
9:23 of 3rd period - Shot Blocked by Anatoli Golyshev.
9:23 of 3rd period - Anatoli Golyshev from Crunch is injured at 9:23 of 3rd period (Left Forearm).
9:24 of 3rd period - Jayson Megna wins face-off versus Sam Carrick in Crunch zone.
10:11 of 3rd period - Slapshot by Eric Gustafsson.
10:11 of 3rd period - Stopped by Kaapo Kahkonen with a rebound.
10:13 of 3rd period - Snap shot by Robin Norell.
10:13 of 3rd period - Stopped by Kaapo Kahkonen with a rebound.
10:15 of 3rd period - Snap shot by Robin Norell.
10:15 of 3rd period - Deflect By Cole Ully.
10:15 of 3rd period - Stopped by Kaapo Kahkonen with a rebound.
10:17 of 3rd period - Snap shot by Cole Ully.
10:17 of 3rd period - Shot Blocked by Brendan Guhle.
10:19 of 3rd period - Snap shot by Theodor Blueger.
10:19 of 3rd period - Shot Misses the Net.
10:21 of 3rd period - Wrist shot by Cole Ully.
10:21 of 3rd period - Shot Misses the Net.
10:36 of 3rd period - Teemu Hartikainen is hit by David Shields.
10:59 of 3rd period - Minor Penalty to Markus Nutivaara for Hooking.
11:00 of 3rd period - Jayson Megna wins face-off versus Sam Carrick in Barracuda zone.
11:00 of 3rd period - Wrist shot by Teemu Hartikainen.
11:00 of 3rd period - Stopped by Joacim Eriksson with a rebound.
11:02 of 3rd period - Slapshot by Jordan Oesterle.
11:02 of 3rd period - Goal by Jordan Oesterle - Barracuda : 3 - Crunch : 2.
11:03 of 3rd period - Sam Carrick wins face-off versus Jayson Megna in neutral zone.
11:06 of 3rd period - Slapshot by Arturs Kulda.
11:06 of 3rd period - Shot Blocked by Noah Hanifin.
11:45 of 3rd period - Snap shot by Dmitrij Jaskin.
11:45 of 3rd period - Shot Blocked by Matt Roy.
11:55 of 3rd period - Wrist shot by Dmitrij Jaskin.
11:55 of 3rd period - Shot Misses the Net.
11:57 of 3rd period - Snap shot by Dmitrij Jaskin.
11:57 of 3rd period - Shot Blocked by Jared Staal.
12:05 of 3rd period - Wrist shot by Sam Carrick.
12:05 of 3rd period - Stopped by Kaapo Kahkonen with a rebound.
12:07 of 3rd period - Wrist shot by Sam Carrick.
12:07 of 3rd period - Shot Misses the Net.
12:11 of 3rd period - Slapshot by Markus Nutivaara.
12:11 of 3rd period - Deflect By Dmitrij Jaskin.
12:11 of 3rd period - Stopped by Kaapo Kahkonen with a rebound.
12:15 of 3rd period - Slapshot by Markus Nutivaara.
12:15 of 3rd period - Shot Misses the Net.
12:40 of 3rd period - Wrist shot by Alex Iafallo.
12:40 of 3rd period - Deflect By Dmitrij Jaskin.
12:40 of 3rd period - Shot Blocked by Matt Roy.
12:40 of 3rd period - Puck is out of play.
12:41 of 3rd period - Emil Pettersson wins face-off versus Jayson Megna in Crunch zone.
12:44 of 3rd period - Snap shot by William Carrier.
12:44 of 3rd period - Goal by William Carrier - Barracuda : 4 - Crunch : 2.
12:45 of 3rd period - Jayson Megna wins face-off versus William Carrier in neutral zone.
12:48 of 3rd period - Wrist shot by Noah Hanifin.
12:48 of 3rd period - Shot Blocked by Chris Wagner.
12:50 of 3rd period - Slapshot by Noah Hanifin.
12:50 of 3rd period - Stopped by Joacim Eriksson with a rebound.
12:52 of 3rd period - Snap shot by Brock Boeser.
12:52 of 3rd period - Deflect By Teemu Hartikainen.
12:52 of 3rd period - Goal by Teemu Hartikainen - Barracuda : 4 - Crunch : 3.
12:53 of 3rd period - Jayson Megna wins face-off versus Emil Pettersson in neutral zone.
12:56 of 3rd period - Wrist shot by Brock Boeser.
12:56 of 3rd period - Stopped by Joacim Eriksson with a rebound.
13:02 of 3rd period - Wrist shot by Markus Nutivaara.
13:02 of 3rd period - Stopped by Kaapo Kahkonen with a rebound.
13:04 of 3rd period - Snap shot by William Carrier.
13:04 of 3rd period - Stopped by Kaapo Kahkonen without a rebound.
13:05 of 3rd period - Jayson Megna wins face-off versus Dmitrij Jaskin in Crunch zone.
13:20 of 3rd period - Brock Boeser is hit by Alex Iafallo.
13:32 of 3rd period - Noah Hanifin is hit by Emil Pettersson and loses puck.
13:39 of 3rd period - Snap shot by William Carrier.
13:39 of 3rd period - Stopped by Kaapo Kahkonen with a rebound.
13:41 of 3rd period - Wrist shot by Chris Wagner.
13:41 of 3rd period - Stopped by Kaapo Kahkonen with a rebound.
13:43 of 3rd period - Slapshot by Eric Gustafsson.
13:43 of 3rd period - Stopped by Kaapo Kahkonen without a rebound.
13:44 of 3rd period - Jayson Megna wins face-off versus Theodor Blueger in Crunch zone.
13:44 of 3rd period - Jayson Megna is hit by Theodor Blueger.
13:52 of 3rd period - Theodor Blueger is hit by Teemu Hartikainen and loses puck.
13:59 of 3rd period - Brock Boeser is hit by Mario Lucia and loses puck.
14:10 of 3rd period - Snap shot by Alex Iafallo.
14:10 of 3rd period - Shot Blocked by Michael Ferland.
14:12 of 3rd period - Slapshot by Samuel Groulx.
14:12 of 3rd period - Stopped by Kaapo Kahkonen without a rebound.
14:13 of 3rd period - Dylan Strome wins face-off versus Sam Carrick in Crunch zone.
14:43 of 3rd period - Emil Pettersson is hit by Brock Boeser and loses puck.
15:00 of 3rd period - Snap shot by Theodor Blueger.
15:00 of 3rd period - Shot Misses the Net.
15:02 of 3rd period - Slapshot by Markus Nutivaara.
15:02 of 3rd period - Stopped by Kaapo Kahkonen with a rebound.
15:04 of 3rd period - Slapshot by Arturs Kulda.
15:04 of 3rd period - Stopped by Kaapo Kahkonen with a rebound.
15:06 of 3rd period - Backhand shot by Arturs Kulda.
15:06 of 3rd period - Shot Misses the Net.
15:08 of 3rd period - Slapshot by Arturs Kulda.
15:08 of 3rd period - Stopped by Kaapo Kahkonen with a rebound.
15:10 of 3rd period - Wrist shot by Mario Lucia.
15:10 of 3rd period - Shot Misses the Net.
15:52 of 3rd period - Snap shot by Michael Ferland.
15:52 of 3rd period - Shot Misses the Net.
16:08 of 3rd period - Snap shot by Brock Boeser.
16:08 of 3rd period - Stopped by Joacim Eriksson with a rebound.
16:35 of 3rd period - Icing by Jordan Oesterle.
16:36 of 3rd period - Connor Bunnaman wins face-off versus Theodor Blueger in Crunch zone.
16:45 of 3rd period - Slapshot by Noah Hanifin.
16:45 of 3rd period - Shot Misses the Net.
16:47 of 3rd period - Snap shot by Connor Bunnaman.
16:47 of 3rd period - Stopped by Joacim Eriksson with a rebound.
16:53 of 3rd period - Snap shot by Dalton Smith.
16:53 of 3rd period - Shot Misses the Net.
16:55 of 3rd period - Slapshot by Dalton Smith.
16:55 of 3rd period - Shot Misses the Net.
16:57 of 3rd period - Snap shot by Jordan Oesterle.
16:57 of 3rd period - Stopped by Joacim Eriksson without a rebound.
16:58 of 3rd period - Jayson Megna wins face-off versus Sam Carrick in Barracuda zone.
17:32 of 3rd period - Snap shot by Markus Nutivaara.
17:32 of 3rd period - Stopped by Kaapo Kahkonen with a rebound.
18:08 of 3rd period - Alex Iafallo is hit by Anthony Cirelli and loses puck.
18:19 of 3rd period - Slapshot by Emil Pettersson.
18:19 of 3rd period - Stopped by Kaapo Kahkonen with a rebound.
19:20 of 3rd period - Crunch, Kaapo Kahkonen is pulled from the net.
19:48 of 3rd period - Slapshot by Sam Carrick.
19:48 of 3rd period - Shot Misses the Net.
Goals for this period are 1 for Barracuda vs 2 for Crunch.
Shots for this period are 20 for Barracuda vs 11 for Crunch.